Map: Dédale EC

Players

Костяныч

  • Race: Zerg Zerg
  • League: Diamond
  • Spawn Location: 1:00

HoldTheDoor - Winner!

  • Race: Protoss Protoss
  • League: Diamond
  • Spawn Location: 7:00

VOD

Have the link to the VOD?

Description

Time

  • Played on: July 5, 2018, 12:39 p.m.
  • Length: 8:37
Show
View Real Time Build Order
Export as new Build Order

Костяныч Zerg 

Build Orders: Hatch First 

Get SALT Encoding   

  12  0:01  Drone  
  13  0:13  Overlord  
  13  0:17  Drone  
  14  0:31  Drone x2  
  16  0:37  Drone  
  17  0:53  Hatchery  
  16  0:57  Drone  
  16  0:58  Drone  
  18  1:11  Extractor  
  17  1:18  Spawning Pool  
  17  1:20  Drone  
  17  1:21  Drone  
  18  1:31  Drone  
  19  1:43  Overlord  
  19  1:55  Drone  
  20  2:05  Queen  
  20  2:06  Zergling x2  
  20  2:07  Zergling x2  
  24  2:18  Drone  
  24  2:19  Drone  
  26  2:29  Drone x2  
  28  2:36  Hatchery  
  27  2:41  Queen  
  29  2:44  Metabolic Boost  
  29  2:48  Queen  
  29  3:07  Overlord  
  29  3:08  Drone x5  
  34  3:19  Zergling x2  
  35  3:26  Lair  
  35  3:27  Drone  
  35  3:30  Queen  
  35  3:33  Extractor  
  37  3:35  Extractor  
  37  3:36  Drone x2  
  38  3:53  Zergling x6  
  38  3:55  Overlord x2  
  41  3:56  Drone  
  41  3:57  Drone x2  
  44  4:05  Drone x4  
  48  4:17  Drone  
  48  4:18  Drone x2  
  51  4:31  Overlord  
  51  4:32  Drone  
  51  4:33  Drone x4  
  56  4:42  Spore Crawler  
  56  4:45  Spore Crawler  
  54  4:48  Spore Crawler  
  54  4:50  Overseer  
  53  4:56  Zergling x2  
  53  4:57  Zergling x18  
  63  5:18  Hydralisk Den, Drone  
  63  5:19  Drone x5  
  68  5:34  Overlord x2  
  68  5:36  Drone x2  
  68  5:37  Drone  
  68  5:40  Extractor  
  68  5:42  Extractor  
  68  6:01  Grooved Spines  
  68  6:02  Hydralisk x4  
  68  6:03  Hydralisk x6  
  88  6:07  Drone  
  88  6:10  Overlord x3  
  89  6:28  Queen  
  89  6:31  Overlord x3  
  89  6:32  Hydralisk  
  91  6:33  Hydralisk x3  
  99  6:47  Hydralisk  
  99  6:48  Hydralisk x4  
  99  6:50  Drone  
  99  6:51  Drone x2  
  99  6:53  Drone  
  113  7:06  Evolution Chamber  
  112  7:09  Evolution Chamber  
  112  7:13  Muscular Augments  
  84  7:35  Hydralisk x5  
  84  7:36  Hydralisk x6  
  60  8:03  Zergling x6  
  60  8:04  Zergling x8  
Show
View Real Time Build Order
Export as new Build Order

HoldTheDoor Protoss - Winner!

Build Orders: 1 Gate Expand 

Get SALT Encoding   

  12  0:00  Probe  
  13  0:12  Probe  
  14  0:20  Pylon  
  14  0:25  Probe  
  15  0:38  Probe  
  15  0:40  Gateway  
  16  0:45  Assimilator  
  16  0:50  Probe  
  17  1:02  Probe  
  18  1:14  Probe  
  19  1:31  Nexus  
  19  1:33  Probe  
  19  1:35  Cybernetics Core  
  20  1:41  Probe  
  20  1:44  Assimilator  
  21  1:54  Pylon  
  21  1:58  Probe  
  22  2:10  Probe  
  22  2:13  Adept  
  22  2:15  Warp Gate  
  25  2:22  Probe  
  26  2:32  Twilight Council  
  26  2:35  Probe  
  27  2:43  Pylon  
  27  2:46  Sentry  
  27  2:47  Probe  
  27  2:48  Probe  
  31  2:56  Gateway  
  31  3:00  Probe  
  31  3:05  Probe  
  33  3:12  Probe, Adept, Resonating Glaives  
  36  3:17  Probe  
  37  3:29  Robotics Facility  
  37  3:30  Probe x2  
  39  3:40  Pylon  
  39  3:42  Probe  
  39  3:43  Probe  
  41  3:48  Gateway  
  41  3:54  Probe  
  42  3:55  Probe  
  42  4:01  Gateway  
  42  4:06  Probe  
  42  4:07  Probe  
  42  4:08  Pylon  
  44  4:16  Warp Prism  
  46  4:22  Sentry x2  
  46  4:24  Probe x2  
  52  4:36  Probe, Gateway  
  53  4:44  Adept  
  53  4:45  Adept x2  
  59  4:54  Immortal  
  63  5:04  Pylon  
  63  5:05  Pylon  
  63  5:07  Pylon x2  
  63  5:09  Pylon, Gateway  
  63  5:12  Gateway  
  63  5:17  Gateway  
  63  5:21  Adept x2  
  67  5:30  Adept  
  67  5:31  Adept  
  67  5:35  Immortal  
  75  6:03  Adept  
  75  6:04  Adept x3  
  83  6:17  Pylon  
  83  6:18  Pylon  
  83  6:20  Pylon  
  83  6:35  Pylon, Adept x5  
  83  6:36  Adept x3, Pylon x2  
  83  6:39  Pylon  
  99  6:58  Adept x5  
  99  6:59  Adept x3  
  115  7:19  Adept x5  
  115  7:20  Adept x2  
  101  7:38  Adept  
  101  7:39  Adept x3  
  101  7:41  Zealot x3  
  97  8:23  Adept  
  97  8:24  Adept x7  
Tags
 
Add a new tag
Caveats
  • Supply blocks, unpowered buildings, or Contaminate may cause inaccurate times.
  • Supply counts are checked every 10 seconds.